 Dungeon Crawl Stone Soup version 0.24.1-11-gbbbb2193e6 (webtiles) character file.

Game seed: 16562478500714759435, levelgen mode: deterministic

297 CrazyMind the Archer (level 6, 0/75 HPs)
             Began as a Centaur Hunter on May 15, 2020.
             Was an Initiate of Okawaru.
             Succumbed to a scorpion's poison
             ... on level 4 of the Dungeon.
             The game lasted 00:16:41 (3295 turns).

CrazyMind the Archer (Centaur Hunter)               Turns: 3295, Time: 00:16:42

Health: 0/75       AC: 23    Str: 17    XL:     6   Next: 12%
Magic:  6/6        EV:  1    Int: 10    God:    Okawaru [......]
Gold:   183        SH:  0    Dex:  9    Spells: 5/5 levels left

rFire    . . .     SeeInvis .     - Unarmed
rCold    . . .     Gourm    .   (no shield)
rNeg     + + +     Faith    .   (armour currently unavailable)
rPois    +         Spirit   .   (helmet currently unavailable)
rElec    .         Reflect  .   (cloak currently unavailable)
rCorr    .         Harm     .   (gloves currently unavailable)
MR       .....     NoTele   +   (no barding)
Stlth    +.........             (no amulet)
HPRegen  0.22/turn              (no ring)
MPRegen  0.10/turn              (no ring)

@: lethally poisoned (0 -> -15), tree-form
A: large
a: Renounce Religion


You were on level 4 of the Dungeon.
You worshipped Okawaru.
Okawaru was noncommittal.
You were not hungry.
You were a tree.
You visited 1 branch of the dungeon, and saw 4 of its levels.

You collected 183 gold pieces.

Inventory:

Hand Weapons
 a - a +1 shortbow
 j - a +0 hunting sling
Missiles
 b - 51 poisoned darts
 d - 2 arrows
 g - 64 stones
 h - 2 throwing nets
 p - 2 boomerangs (quivered)
 y - 21 bolts
Armour
 c - a +0 leather armour
 e - a +0 plate armour
 m - a +0 ring mail (melded)
 v - a +0 scale mail
 w - a +0 buckler
 x - a +0 chain mail
Scrolls
 i - a scroll of immolation {unknown}
 k - 3 scrolls of identify {unknown}
 l - 4 scrolls of teleportation {unknown}
 n - 5 scrolls of remove curse {unknown}
 o - a scroll of fear {unknown}
 r - a scroll of noise {unknown}
 t - 2 scrolls of enchant armour {unknown}
 u - 2 scrolls of enchant weapon {unknown}
Potions
 z - a potion of agility {unknown}
 B - a potion of magic {unknown}
Comestibles
 f - 8 rations
 A - 6 chunks of flesh


   Skills:
 + Level 2.4 Fighting
 * Level 8.6 Bows
 + Level 1.2 Armour
 - Level 1.3 Dodging
 - Level 0.4 Stealth
 + Level 2.1 Unarmed Combat


You had 5 spell levels left.
You didn't know any spells.
Your spell library was empty.

Dungeon Overview and Level Annotations

Branches:
Dungeon (4/15)
 Temple: D:4-7

Altars:
Cheibriados
Elyvilon
Okawaru
Zin
The Shining One


Innate Abilities, Weirdness & Mutations

((You have hooves in place of feet.))
((Armour fits poorly on your strangely shaped body.))
((You cover ground very quickly.))
((You have extremely tough skin. (AC +3)))


Message History

* * * LOW HITPOINT WARNING * * *
You are lethally poisoned!
The scorpion poisons you!
You barely miss the scorpion.
The scorpion is almost dead.
* * * LOW HITPOINT WARNING * * *
You feel sick. The scorpion stings you!
* * * LOW HITPOINT WARNING * * *
You are lethally poisoned (6 -> -13).
Your movement speed is very quick.
Your attack speed is above average.
It was a potion of flight.
You feel very buoyant.
You fly up into the air.
* * * LOW HITPOINT WARNING * * *
You feel sick. The scorpion stings you.
* * * LOW HITPOINT WARNING * * *
Some of the chunks of flesh in your inventory have rotted away.
It was a potion of lignification.
You turn into a tree.
Your +0 ring mail melds into your body.
Your roots penetrate the ground.
You die...

#.........+.......
#......####.......
#†.....# #<......
#.###.#####.......
#.#...............
#†###.#####.......
#.# ### #######.
###%### #..♣s.#
#....(# #.....(..
#........(.
#.......###
........#
.#........
#..........#


You could see a scorpion.

Vanquished Creatures
  A howler monkey (D:4)
  A hound (D:2)
  2 worker ants (D:4)
  4 gnolls (D:2)
  7 adders
  An ooze (D:2)
  3 worms
  A dart slug (D:1)
  2 leopard geckos
  2 orcs
  6 giant cockroaches
  4 goblins
  8 hobgoblins
  5 jackals (D:4)
  2 quokkas (D:2)
  A ball python (D:4)
  4 bats
  2 frilled lizards
  8 kobolds
  A quokka skeleton (D:4)
  6 rats
71 creatures vanquished.

Notes
Turn   | Place    | Note
-------+----------+-------------------------------------------
     0 | D:1      | CrazyMind the Centaur Hunter began the quest for the Orb.
     0 | D:1      | Reached XP level 1. HP: 17/17 MP: 1/1
   205 | D:1      | You fall into a shaft and drop 1 floor!
   663 | D:1      | Reached XP level 2. HP: 23/24 MP: 2/2
   817 | D:2      | Reached skill level 6 in Bows
   817 | D:2      | Reached XP level 3. HP: 22/29 MP: 3/3
  1079 | D:2      | Reached skill level 7 in Bows
  1096 | D:2      | Reached XP level 4. HP: 36/36 MP: 4/4
  1191 | D:2      | Found a snail-covered altar of Cheibriados.
  1228 | D:2      | Reached skill level 1 in Unarmed Combat
  1528 | D:2      | Found an iron altar of Okawaru.
  1536 | D:2      | Became a worshipper of Warmaster Okawaru
  1750 | D:2      | Reached XP level 5. HP: 41/41 MP: 5/5
  1996 | D:2      | Reached skill level 8 in Bows
  2569 | D:3      | Found a glowing silver altar of Zin.
  2569 | D:3      | Found a glowing golden altar of the Shining One.
  2570 | D:3      | Found a white marble altar of Elyvilon.
  2733 | D:4      | Reached skill level 1 in Armour
  3260 | D:4      | Reached XP level 6. HP: 45/50 MP: 6/6
  3294 | D:4      | HP: 1/50 [scorpion (3)]
  3295 | D:4      | Succumbed to a scorpion's poison

Levels and vault maps discovered:
D:1:      onia_arrival_mini_spirals, layout_basic
D:2:      layout_basic, okawaru_gym_becter, cheibriados_altar_1, fountainhead
D:3:      layout_rooms, good_gods_temple_1
D:4:      layout_basic, lemuel_doored_altar, nicolae_temple_entry_ecumenical,
          kennysheep_orc_chapel, uniq_edmund, uniq_ijyb

Skill      XL: |  1  2  3  4  5 |
---------------+----------------+-----
Bows           | 6 7 8 |  8.6
Unarmed Combat | 1 2 |  2.1
Armour         | 1 |  1.2
Fighting       | |  2.4
Dodging        | |  1.3
Stealth        | |  0.4

Action                   |  1- 3 |  4- 6 || total
-------------------------+-------+-------++-------
Melee: Unarmed           |    38 |   173 ||   211
       Kick              |     9 |    40 ||    49
 Fire: Shortbow          |    24 |    57 ||    81
Throw: Boomerang         |       |     2 ||     2
  Use: Potion            |       |     2 ||     2
  Eat: Chunk             |       |     6 ||     6
Armor: Leather armour    |     3 |       ||     3
       Ring mail         |    22 |    63 ||    85
Dodge: Dodged            |    27 |    76 ||   103
